Gangsters vs Blackdemons
Created - 14 janvier 2014 at 23:41
Goals
|
| Gangsters |
1 |
3 |
1 |
5 |
| Blackdemons |
2 |
5 |
0 |
7 |
|
Shots
|
| Gangsters |
6 |
12 |
14 |
32 |
| Blackdemons |
18 |
15 |
11 |
44 |
|
1st period
1. Gangsters , Ryan Jones 12 (Igor Radulov) at 11:42
2. Blackdemons , Matt Hunwick 3 (Michael Kostka, Tomas Kopecky) at 17:59
3. Blackdemons , Sam Gagner 22 (Curtis Glencross, Enver Lisin) at 19:18
Penalties :
Bryan Young (Bro) for Holding Stick (Minor) at 7:00
2nd period
4. Blackdemons , Curtis Glencross 13 (Sam Gagner) at 0:04
5. Blackdemons , Tomas Kopecky 32 (Antoine Roussel, Sam Gagner) at 1:05
6. Blackdemons , Antoine Roussel 21 (Shawn Matthias) at 10:39
7. Blackdemons , Enver Lisin 28 (Sam Gagner) at 10:58 (PP)
8. Blackdemons , Matt Hunwick 4 (Enver Lisin, Peter Harrold) at 11:40 (PP)
9. Gangsters , Alexei Emelin 5 (Alexandre Bolduc, Igor Radulov) at 12:01 (PP)
10. Gangsters , Igor Radulov 32 (Ville Koistinen) at 14:31
11. Gangsters , Alexei Emelin 6 (Chris Bourque, Artem Anisimov) at 16:22 (PP)
Penalties :
Jakub Kindl (MJM) for High sticking (Minor) at 1:35, Steven Zalewski (MJM) for Hooking (Minor) at 9:29, Colten Teubert (Bro) for Hooking (Minor) at 9:29, Chris Bourque (Bro) for High sticking (Minor) at 10:44, Curtis Glencross (MJM) for Hooking (Minor) at 11:55, Igor Radulov (Bro) for Holding (Minor) at 12:12, Matt Hunwick (MJM) for Hooking (Minor) at 15:50
3rd period
12. Gangsters , Igor Radulov 33 (Alexandre Bolduc) at 1:39
Penalties :
Ryan Jones (Bro) for Hooking (Minor) at 4:19, Zach Boychuk (MJM) for Hooking (Minor) at 6:58, Marc-André Cliche (MJM) for Holding (Minor) at 19:56
Goalie Stats
David LeNeveu (Bro), 19 saves from 24 shots - (0,792), 30:39 minutes
Dustin Tokarski (Bro), 18 saves from 20 shots - (0,900), L, 4-3-0, 29:21 minutes
Kevin Weekes (MJM), 27 saves from 32 shots - (0,844), W, 13-6-1, 60:00 minutes
Players Stats for Gangsters
Player Name G A P +/- PIM S H SB GA TA FO MP PP MP PK MP
------------------------------------------------------------------------------------
Alexandre Bolduc 0 2 2 0 0 2 0 0 0 1 16/36 21:57 2:32 2:23
Alexei Emelin 2 0 2 -2 0 5 2 1 0 2 0/0 29:53 3:06 4:33
Artem Anisimov 0 1 1 -2 0 3 1 0 0 0 5/17 15:36 2:07 0:00
Ben Holmstrom 0 0 0 -1 0 0 0 0 0 1 0/2 10:08 0:00 0:00
Bradley Malone 0 0 0 0 0 0 0 0 0 0 0/0 0:00 0:00 0:00
Brock Bradford 0 0 0 1 0 1 0 0 0 0 5/5 12:06 0:04 0:22
Bryan Young 0 0 0 0 2 0 2 3 0 2 0/0 11:18 0:00 0:00
Chris Bourque 0 1 1 -3 2 4 3 1 0 1 0/0 23:49 2:07 3:26
Colten Teubert 0 0 0 0 2 0 0 1 0 0 0/0 10:49 0:00 0:00
Cory Murphy 0 0 0 0 0 0 0 0 0 0 0/0 0:00 0:00 0:00
Dave Dziurzynski 0 0 0 1 0 0 0 0 0 0 1/1 11:33 0:00 1:45
Igor Radulov 2 2 4 2 2 7 2 1 0 0 3/14 27:54 2:32 2:39
Luke Gazdic 0 0 0 -1 0 0 0 0 0 0 0/0 7:00 0:00 0:00
Maxime Sauvé 0 0 0 0 0 0 0 0 0 0 0/0 0:00 0:00 0:00
Mikko Lehtonen 0 0 0 -2 0 0 5 0 0 0 1/2 16:55 2:03 0:00
Nathan Moon 0 0 0 0 0 0 0 0 0 0 0/0 0:00 0:00 0:00
Nick Foligno 0 0 0 0 0 0 0 0 0 0 0/0 3:20 0:00 1:22
Phil McRae 0 0 0 0 0 0 0 0 0 0 0/0 0:00 0:00 0:00
Ryan Jones 1 0 1 0 2 2 0 1 0 1 0/2 20:44 2:32 0:35
Shaun Heska 0 0 0 0 0 3 0 2 0 0 0/0 19:21 1:33 1:50
Staffan Kronwall 0 0 0 -2 0 3 2 4 1 2 0/0 29:49 3:06 4:33
Ville Koistinen 0 1 1 0 0 2 1 1 0 0 0/0 19:21 1:33 1:50
Players Stats for Blackdemons
Player Name G A P +/- PIM S H SB GA TA FO MP PP MP PK MP
------------------------------------------------------------------------------------
Andrew MacDonald 0 0 0 2 0 2 1 0 2 0 0/0 21:43 2:30 0:09
Antoine Roussel 1 1 2 3 0 4 2 1 2 0 2/2 17:22 3:37 0:48
Curtis Glencross 1 1 2 1 2 6 3 0 0 0 4/5 21:35 2:20 2:43
Enver Lisin 1 2 3 1 0 8 2 0 2 0 0/0 21:37 2:32 0:48
Frazer Mclaren 0 0 0 0 0 0 0 0 0 0 0/0 8:38 0:00 1:02
Jakub Kindl 0 0 0 2 2 3 2 1 0 0 0/0 20:32 2:48 0:33
Marc-André Cliche 0 0 0 -2 2 2 2 0 0 0 4/6 10:46 0:00 0:00
Matt Calvert 0 0 0 -2 0 0 0 0 0 0 0/0 10:44 0:00 0:00
Matt Hunwick 2 0 2 0 2 3 0 1 0 0 0/0 21:43 0:12 2:34
Michael Kostka 0 1 1 0 0 4 1 1 1 0 0/0 24:51 3:09 3:06
Mike Duco 0 0 0 0 0 0 1 0 0 0 0/0 7:10 0:00 0:00
Peter Harrold 0 1 1 0 0 0 0 0 0 0 0/0 15:33 0:51 1:23
Sam Gagner 1 3 4 1 0 2 0 0 0 0 25/43 22:04 3:49 0:00
Shawn Belle 0 0 0 0 0 0 0 0 0 0 0/0 15:36 2:48 1:33
Shawn Matthias 0 1 1 3 0 1 1 0 0 0 11/15 16:01 2:20 1:08
Steven Zalewski 0 0 0 0 2 1 1 0 1 0 2/7 7:21 0:12 0:00
Tomas Kopecky 1 1 2 2 0 5 0 1 1 0 0/0 19:13 3:37 2:49
Zach Boychuk 0 0 0 -2 2 3 2 0 1 1 0/1 10:47 0:00 0:00
3 Stars
1 - Igor Radulov (Bro)
2 - Sam Gagner (MJM)
3 - Antoine Roussel (MJM)
Power Play
Gangsters - 2 on 5 Attempt(s) - 40,00%
Blackdemons - 2 on 4 Attempt(s) - 50,00%
Penalty Kill
Gangsters - 2 on 4 Attempt(s) - 50,00%
- Score 0 goal in Penalty Kill
Blackdemons - 3 on 5 Attempt(s) - 60,00%
- Score 0 goal in Penalty Kill
Official
Referees : Fraser Kerry and Watson Brad
Linesman : Ryan Galloway and Brad Kovachik
Game Notes
Dustin Tokarski enters game at 10:39 of 2nd period
Finance
Level 1 -- Attendance: 1664 (83,20%) -- Ticket Income 41 600 $
Level 2 -- Attendance: 695 (69,50%) -- Ticket Income 5 560 $
Total Attendance: 2359 (78,63%)
Total Ticket Income: 47 160 $
Other Income: 2 358 $
Total Income: 49 518 $
Gangsters
5 vs 5 Forward
Center Left Wing Right Wing Time % Phy DF OF
1 Alexandre Bolduc Igor Radulov Ryan Jones 40 1 2 2
2 Artem Anisimov Chris Bourque Mikko Lehtonen 30 1 2 2
3 Brock Bradford Dave Dziurzynski Igor Radulov 20 1 2 2
4 Ben Holmstrom Luke Gazdic Chris Bourque 10 1 2 2
5 vs 5 Defense
Defense Defense Time % Phy DF OF
1 Staffan Kronwall Alexei Emelin 40 1 2 2
2 Ville Koistinen Shaun Heska 30 1 2 2
3 Bryan Young Colten Teubert 20 1 2 2
4 Staffan Kronwall Alexei Emelin 10 1 2 2
PowerPlay Forward
Center Left Wing Right Wing Time % Phy DF OF
1 Alexandre Bolduc Igor Radulov Ryan Jones 60 1 2 2
2 Artem Anisimov Chris Bourque Mikko Lehtonen 40 1 2 2
PowerPlay Defense
Defense Defense Time % Phy DF OF
1 Staffan Kronwall Alexei Emelin 60 1 2 2
2 Ville Koistinen Shaun Heska 40 1 2 2
Penalty Kill 4 Players Forward
Center Wing Time % Phy DF OF
1 Igor Radulov Chris Bourque 60 1 2 2
2 Alexandre Bolduc Ryan Jones 40 1 2 2
Penalty Kill 4 Players Defense
Defense Defense Time % Phy DF OF
1 Staffan Kronwall Alexei Emelin 60 1 2 2
2 Ville Koistinen Shaun Heska 40 1 2 2
Penalty Kill - 3 Players Forward
Forward Time % Phy DF OF
1 Igor Radulov 60 1 2 2
2 Chris Bourque 40 1 2 2
Penalty Kill - 3 Players Defense
Defense Defense Time % Phy DF OF
1 Staffan Kronwall Alexei Emelin 60 1 2 2
2 Ville Koistinen Shaun Heska 40 1 2 2
4 vs 4 Forward
Center Wing Time % Phy DF OF
1 Igor Radulov Chris Bourque 60 1 2 2
2 Alexandre Bolduc Ryan Jones 40 1 2 2
4 vs 4 Defense
Defense Defense Time % Phy DF OF
1 Staffan Kronwall Alexei Emelin 60 1 2 2
2 Ville Koistinen Shaun Heska 40 1 2 2
Last Minutes Offensive
Center Left Wing Right Wing Defense Defense
Alexandre Bolduc Igor Radulov Ryan Jones Staffan Kronwall Alexei Emelin
Last Minutes Defensive
Center Left Wing Right Wing Defense Defense
Alexandre Bolduc Igor Radulov Ryan Jones Staffan Kronwall Alexei Emelin
Goaltenders
Starting : David LeNeveu
Backup : Dustin Tokarski
Extra Forwards
Normal : Brock Bradford, Ben Holmstrom, Dave Dziurzynski - PP : Brock Bradford, Ben Holmstrom - PK : Dave Dziurzynski
Extra Defensemen
Normal : Bryan Young, Colten Teubert, Ville Koistinen - PP : Bryan Young - PK : Colten Teubert, Ville Koistinen
Penalty Shots
Igor Radulov, Chris Bourque, Alexandre Bolduc, Ryan Jones, Artem Anisimov
Blackdemons
5 vs 5 Forward
Center Left Wing Right Wing Time % Phy DF OF
1 Sam Gagner Curtis Glencross Enver Lisin 40 1 2 2
2 Shawn Matthias Antoine Roussel Tomas Kopecky 30 1 2 2
3 Marc-André Cliche Zach Boychuk Matt Calvert 20 1 3 1
4 Steven Zalewski Frazer Mclaren Mike Duco 10 1 4 0
5 vs 5 Defense
Defense Defense Time % Phy DF OF
1 Michael Kostka Matt Hunwick 35 1 3 1
2 Jakub Kindl Andrew MacDonald 35 1 3 1
3 Peter Harrold Shawn Belle 20 1 3 1
4 Michael Kostka Andrew MacDonald 10 1 2 2
PowerPlay Forward
Center Left Wing Right Wing Time % Phy DF OF
1 Sam Gagner Antoine Roussel Tomas Kopecky 60 1 1 3
2 Shawn Matthias Curtis Glencross Enver Lisin 40 1 1 3
PowerPlay Defense
Defense Defense Time % Phy DF OF
1 Michael Kostka Andrew MacDonald 60 1 2 2
2 Jakub Kindl Shawn Belle 40 1 2 2
Penalty Kill 4 Players Forward
Center Wing Time % Phy DF OF
1 Curtis Glencross Tomas Kopecky 60 1 3 1
2 Enver Lisin Antoine Roussel 40 1 3 1
Penalty Kill 4 Players Defense
Defense Defense Time % Phy DF OF
1 Michael Kostka Matt Hunwick 60 1 4 0
2 Jakub Kindl Shawn Belle 40 1 4 0
Penalty Kill - 3 Players Forward
Forward Time % Phy DF OF
1 Tomas Kopecky 60 1 4 0
2 Curtis Glencross 40 1 4 0
Penalty Kill - 3 Players Defense
Defense Defense Time % Phy DF OF
1 Michael Kostka Matt Hunwick 60 1 4 0
2 Jakub Kindl Shawn Belle 40 1 4 0
4 vs 4 Forward
Center Wing Time % Phy DF OF
1 Sam Gagner Enver Lisin 60 1 2 2
2 Shawn Matthias Antoine Roussel 40 1 2 2
4 vs 4 Defense
Defense Defense Time % Phy DF OF
1 Peter Harrold Matt Hunwick 60 1 3 1
2 Jakub Kindl Andrew MacDonald 40 1 3 1
Last Minutes Offensive
Center Left Wing Right Wing Defense Defense
Sam Gagner Antoine Roussel Enver Lisin Michael Kostka Andrew MacDonald
Last Minutes Defensive
Center Left Wing Right Wing Defense Defense
Tomas Kopecky Curtis Glencross Enver Lisin Michael Kostka Matt Hunwick
Goaltenders
Starting : Kevin Weekes
Backup : Marc Denis
Extra Forwards
Normal : Antoine Roussel, Sam Gagner, Enver Lisin - PP : Marc-André Cliche, Matt Calvert - PK : Shawn Matthias
Extra Defensemen
Normal : Peter Harrold, Shawn Belle, Andrew MacDonald - PP : Peter Harrold - PK : Peter Harrold, Andrew MacDonald
Penalty Shots
Curtis Glencross, Enver Lisin, Tomas Kopecky, Antoine Roussel, Shawn Matthias
% Time on Ice - Gangsters
Lines # - Real PCT - Wanted PCT - Time Play
Normal Forward
1 - 38% - 40% - 17:43
2 - 31% - 30% - 14:50
3 - 16% - 20% - 7:40
4 - 15% - 10% - 7:00
Normal Defense
1 - 39% - 40% - 18:31
2 - 33% - 30% - 15:39
3 - 23% - 20% - 10:50
4 - 5% - 10% - 2:13
PP Forward
1 - 54% - 60% - 2:32
2 - 46% - 40% - 2:07
PP Defense
1 - 67% - 60% - 3:06
2 - 33% - 40% - 1:33
PK Forward
1 - 81% - 60% - 5:00
2 - 19% - 40% - 1:09
PK Defense
1 - 70% - 60% - 4:19
2 - 30% - 40% - 1:50
PK3 Forward
1 - 100% - 60% - 0:14
2 - 0% - 40% - 0:00
PK3 Defense
1 - 100% - 60% - 0:14
2 - 0% - 40% - 0:00
44 Forward
1 - 84% - 60% - 1:28
2 - 16% - 40% - 0:17
44 Defense
1 - 82% - 60% - 1:26
2 - 18% - 40% - 0:19
Last Minute Offensive - 0:00
Last Minute Defensive - 0:00
Total
Forward - 60:00
Defense - 60:00
|
% Time on Ice - Blackdemons
Lines # - Real PCT - Wanted PCT - Time Play
Normal Forward
1 - 36% - 40% - 17:00
2 - 26% - 30% - 12:19
3 - 23% - 20% - 10:44
4 - 15% - 10% - 7:10
Normal Defense
1 - 37% - 35% - 17:17
2 - 37% - 35% - 17:18
3 - 23% - 20% - 10:53
4 - 4% - 10% - 1:45
PP Forward
1 - 62% - 60% - 3:49
2 - 38% - 40% - 2:20
PP Defense
1 - 54% - 60% - 3:21
2 - 46% - 40% - 2:48
PK Forward
1 - 83% - 60% - 3:51
2 - 17% - 40% - 0:48
PK Defense
1 - 67% - 60% - 3:06
2 - 33% - 40% - 1:33
PK3 Forward
1 - 0% - 60%
2 - 0% - 40%
PK3 Defense
1 - 0% - 60%
2 - 0% - 40%
44 Forward
1 - 88% - 60% - 1:45
2 - 12% - 40% - 0:14
44 Defense
1 - 93% - 60% - 1:51
2 - 7% - 40% - 0:08
Last Minute Offensive - 0:00
Last Minute Defensive - 0:00
Total
Forward - 60:00
Defense - 60:00
|
Play by Play
1st period
0:01 of 1st period - Sam Gagner wins face-off versus Alexandre Bolduc in neutral zone.
0:06 of 1st period - Snap shot by Curtis Glencross.
0:06 of 1st period - Stopped by David LeNeveu without a rebound.
0:07 of 1st period - Alexandre Bolduc wins face-off versus Sam Gagner in Gangsters zone.
0:13 of 1st period - Icing by Ryan Jones.
0:14 of 1st period - Alexandre Bolduc wins face-off versus Shawn Matthias in Gangsters zone.
0:23 of 1st period - Wrist shot by Igor Radulov.
0:23 of 1st period - Stopped by Kevin Weekes with a rebound.
0:55 of 1st period - Slapshot by Tomas Kopecky.
0:55 of 1st period - Shot Misses the Net.
1:05 of 1st period - Wrist shot by Ryan Jones.
1:05 of 1st period - Deflect By Andrew MacDonald.
1:05 of 1st period - Shot Blocked by Jakub Kindl.
1:05 of 1st period - Puck is out of play.
1:06 of 1st period - Marc-André Cliche wins face-off versus Artem Anisimov in Blackdemons zone.
1:16 of 1st period - Snap shot by Artem Anisimov.
1:16 of 1st period - Stopped by Kevin Weekes with a rebound.
1:22 of 1st period - Slapshot by Artem Anisimov.
1:22 of 1st period - Shot Misses the Net.
2:22 of 1st period - Slapshot by Michael Kostka.
2:22 of 1st period - Shot Blocked by Bryan Young.
2:58 of 1st period - Wrist shot by Curtis Glencross.
2:58 of 1st period - Stopped by David LeNeveu with a rebound.
3:00 of 1st period - Slapshot by Michael Kostka.
3:00 of 1st period - Deflect By Matt Calvert.
3:00 of 1st period - Shot Misses the Net.
3:00 of 1st period - Puck is out of play.
3:01 of 1st period - Marc-André Cliche wins face-off versus Artem Anisimov in Gangsters zone.
3:17 of 1st period - Slapshot by Zach Boychuk.
3:17 of 1st period - Stopped by David LeNeveu with a rebound.
3:19 of 1st period - Slapshot by Jakub Kindl.
3:19 of 1st period - Shot Misses the Net.
3:31 of 1st period - Shawn Belle is hit by Artem Anisimov and loses puck.
3:36 of 1st period - Snap shot by Artem Anisimov.
3:36 of 1st period - Stopped by Kevin Weekes without a rebound.
3:37 of 1st period - Brock Bradford wins face-off versus Sam Gagner in Blackdemons zone.
4:04 of 1st period - Chris Bourque is hit by Jakub Kindl and loses puck.
4:12 of 1st period - Off-side.
4:13 of 1st period - Alexandre Bolduc wins face-off versus Shawn Matthias in neutral zone.
4:23 of 1st period - Icing by Igor Radulov.
4:24 of 1st period - Sam Gagner wins face-off versus Alexandre Bolduc in Gangsters zone.
4:42 of 1st period - Snap shot by Igor Radulov.
4:42 of 1st period - Deflect By Ryan Jones.
4:42 of 1st period - Stopped by Kevin Weekes without a rebound.
4:43 of 1st period - Shawn Matthias wins face-off versus Artem Anisimov in Blackdemons zone.
4:48 of 1st period - Wrist shot by Tomas Kopecky.
4:48 of 1st period - Stopped by David LeNeveu with a rebound.
5:37 of 1st period - Ville Koistinen is hit by Steven Zalewski and loses puck.
6:49 of 1st period - Icing by Bryan Young.
6:50 of 1st period - Sam Gagner wins face-off versus Ben Holmstrom in Gangsters zone.
7:00 of 1st period - Minor Penalty to Bryan Young for Holding Stick.
7:01 of 1st period - Igor Radulov wins face-off versus Sam Gagner in Gangsters zone.
7:11 of 1st period - Off-side.
7:12 of 1st period - Antoine Roussel wins face-off versus Igor Radulov in neutral zone.
7:19 of 1st period - Wrist shot by Igor Radulov.
7:19 of 1st period - Shot Misses the Net.
9:00 of 1st period - Penalty to Bryan Young is over, Bryan Young is back on ice.
9:18 of 1st period - Matt Hunwick is hit by Bryan Young and loses puck.
9:31 of 1st period - Icing by Dave Dziurzynski.
9:32 of 1st period - Steven Zalewski wins face-off versus Artem Anisimov in Gangsters zone.
9:41 of 1st period - Slapshot by Steven Zalewski.
9:41 of 1st period - Shot Blocked by Ville Koistinen.
10:01 of 1st period - Snap shot by Curtis Glencross.
10:01 of 1st period - Shot Blocked by Ryan Jones.
10:34 of 1st period - Slapshot by Michael Kostka.
10:34 of 1st period - Shot Blocked by Igor Radulov.
10:36 of 1st period - Snap shot by Marc-André Cliche.
10:36 of 1st period - Stopped by David LeNeveu with a rebound.
10:38 of 1st period - Slapshot by Michael Kostka.
10:38 of 1st period - Stopped by David LeNeveu without a rebound.
10:39 of 1st period - Marc-André Cliche wins face-off versus Ryan Jones in Gangsters zone.
10:40 of 1st period - Slapshot by Andrew MacDonald.
10:40 of 1st period - Stopped by David LeNeveu without a rebound.
10:41 of 1st period - Sam Gagner wins face-off versus Alexandre Bolduc in Gangsters zone.
10:42 of 1st period - Backhand shot by Enver Lisin.
10:42 of 1st period - Stopped by David LeNeveu without a rebound.
10:43 of 1st period - Sam Gagner wins face-off versus Alexandre Bolduc in Gangsters zone.
11:10 of 1st period - Snap shot by Marc-André Cliche.
11:10 of 1st period - Stopped by David LeNeveu with a rebound.
11:31 of 1st period - Marc-André Cliche is hit by Igor Radulov and loses puck.
11:42 of 1st period - Slapshot by Ryan Jones.
11:42 of 1st period - Goal by Ryan Jones - Gangsters : 1 - Blackdemons : 0.
11:43 of 1st period - Mikko Lehtonen wins face-off versus Sam Gagner in neutral zone.
12:53 of 1st period - Sam Gagner is hit by Chris Bourque and loses puck.
13:04 of 1st period - Wrist shot by Tomas Kopecky.
13:04 of 1st period - Stopped by David LeNeveu without a rebound.
13:05 of 1st period - Shawn Matthias wins face-off versus Alexandre Bolduc in Gangsters zone.
13:43 of 1st period - Marc-André Cliche is hit by Bryan Young and loses puck.
14:06 of 1st period - Antoine Roussel is hit by Mikko Lehtonen.
14:26 of 1st period - Snap shot by Enver Lisin.
14:26 of 1st period - Shot Blocked by Colten Teubert.
14:28 of 1st period - Slapshot by Jakub Kindl.
14:28 of 1st period - Stopped by David LeNeveu with a rebound.
16:38 of 1st period - Shawn Matthias is hit by Mikko Lehtonen and loses puck.
16:51 of 1st period - Slapshot by Peter Harrold.
16:51 of 1st period - Shot Misses the Net.
17:09 of 1st period - Snap shot by Enver Lisin.
17:09 of 1st period - Shot Blocked by Staffan Kronwall.
17:11 of 1st period - Wrist shot by Andrew MacDonald.
17:11 of 1st period - Shot Blocked by Staffan Kronwall.
17:17 of 1st period - Snap shot by Curtis Glencross.
17:17 of 1st period - Shot Misses the Net.
17:29 of 1st period - Slapshot by Antoine Roussel.
17:29 of 1st period - Shot Misses the Net.
17:31 of 1st period - Slapshot by Michael Kostka.
17:31 of 1st period - Stopped by David LeNeveu without a rebound.
17:32 of 1st period - Shawn Matthias wins face-off versus Alexandre Bolduc in Gangsters zone.
17:49 of 1st period - Backhand shot by Antoine Roussel.
17:49 of 1st period - Shot Misses the Net.
17:51 of 1st period - Slapshot by Matt Hunwick.
17:51 of 1st period - Shot Blocked by Shaun Heska.
17:53 of 1st period - Slapshot by Tomas Kopecky.
17:53 of 1st period - Shot Misses the Net.
17:55 of 1st period - Slapshot by Matt Hunwick.
17:55 of 1st period - Stopped by David LeNeveu with a rebound.
17:57 of 1st period - Snap shot by Michael Kostka.
17:57 of 1st period - Shot Misses the Net.
17:59 of 1st period - Slapshot by Matt Hunwick.
17:59 of 1st period - Goal by Matt Hunwick - Gangsters : 1 - Blackdemons : 1.
18:00 of 1st period - Alexandre Bolduc wins face-off versus Sam Gagner in neutral zone.
18:02 of 1st period - Off-side.
18:03 of 1st period - Sam Gagner wins face-off versus Alexandre Bolduc in neutral zone.
18:06 of 1st period - Alexandre Bolduc is hit by Curtis Glencross.
18:14 of 1st period - Snap shot by Igor Radulov.
18:14 of 1st period - Deflect By Ryan Jones.
18:14 of 1st period - Shot Misses the Net.
18:14 of 1st period - Puck is out of play.
18:15 of 1st period - Sam Gagner wins face-off versus Artem Anisimov in Blackdemons zone.
18:15 of 1st period - Sam Gagner is hit by Mikko Lehtonen.
18:23 of 1st period - Wrist shot by Enver Lisin.
18:23 of 1st period - Deflect By Curtis Glencross.
18:23 of 1st period - Shot Misses the Net.
18:23 of 1st period - Puck is out of play.
18:24 of 1st period - Sam Gagner wins face-off versus Mikko Lehtonen in Gangsters zone.
18:39 of 1st period - Backhand shot by Alexei Emelin.
18:39 of 1st period - Stopped by Kevin Weekes without a rebound.
18:40 of 1st period - Shawn Matthias wins face-off versus Alexandre Bolduc in Blackdemons zone.
19:16 of 1st period - Snap shot by Sam Gagner.
19:16 of 1st period - Stopped by David LeNeveu with a rebound.
19:18 of 1st period - Snap shot by Sam Gagner.
19:18 of 1st period - Goal by Sam Gagner - Gangsters : 1 - Blackdemons : 2.
19:19 of 1st period - Sam Gagner wins face-off versus Alexandre Bolduc in neutral zone.
19:24 of 1st period - Slapshot by Curtis Glencross.
19:24 of 1st period - Stopped by David LeNeveu with a rebound.
19:32 of 1st period - Snap shot by Curtis Glencross.
19:32 of 1st period - Stopped by David LeNeveu without a rebound.
19:33 of 1st period - Shawn Matthias wins face-off versus Artem Anisimov in Gangsters zone.
2nd period
0:01 of 2nd period - Sam Gagner wins face-off versus Alexandre Bolduc in neutral zone.
0:04 of 2nd period - Snap shot by Curtis Glencross.
0:04 of 2nd period - Goal by Curtis Glencross - Gangsters : 1 - Blackdemons : 3.
0:05 of 2nd period - Alexandre Bolduc wins face-off versus Sam Gagner in neutral zone.
0:18 of 2nd period - Wrist shot by Alexandre Bolduc.
0:18 of 2nd period - Stopped by Kevin Weekes without a rebound.
0:19 of 2nd period - Brock Bradford wins face-off versus Shawn Matthias in Blackdemons zone.
0:22 of 2nd period - Snap shot by Igor Radulov.
0:22 of 2nd period - Shot Misses the Net.
0:32 of 2nd period - Snap shot by Antoine Roussel.
0:32 of 2nd period - Stopped by David LeNeveu without a rebound.
0:33 of 2nd period - Alexandre Bolduc wins face-off versus Sam Gagner in Gangsters zone.
0:33 of 2nd period - Alexandre Bolduc is hit by Jakub Kindl.
0:45 of 2nd period - Snap shot by Alexandre Bolduc.
0:45 of 2nd period - Shot Misses the Net.
1:05 of 2nd period - Wrist shot by Tomas Kopecky.
1:05 of 2nd period - Goal by Tomas Kopecky - Gangsters : 1 - Blackdemons : 4.
1:06 of 2nd period - Sam Gagner wins face-off versus Alexandre Bolduc in neutral zone.
1:35 of 2nd period - Minor Penalty to Jakub Kindl for High sticking.
1:36 of 2nd period - Curtis Glencross wins face-off versus Alexandre Bolduc in Blackdemons zone.
1:49 of 2nd period - Michael Kostka is hit by Igor Radulov.
2:01 of 2nd period - Michael Kostka is hit by Alexei Emelin and loses puck.
2:42 of 2nd period - Snap shot by Antoine Roussel.
2:42 of 2nd period - Shot Misses the Net.
3:35 of 2nd period - Penalty to Jakub Kindl is over, Jakub Kindl is back on ice.
3:48 of 2nd period - Snap shot by Marc-André Cliche.
3:48 of 2nd period - Deflect By Zach Boychuk.
3:48 of 2nd period - Shot Blocked by Staffan Kronwall.
3:48 of 2nd period - Puck is out of play.
3:49 of 2nd period - Brock Bradford wins face-off versus Steven Zalewski in Gangsters zone.
4:37 of 2nd period - Curtis Glencross is hit by Ville Koistinen and loses puck.
5:03 of 2nd period - Icing by Tomas Kopecky.
5:04 of 2nd period - Shawn Matthias wins face-off versus Alexandre Bolduc in Blackdemons zone.
6:12 of 2nd period - Slapshot by Curtis Glencross.
6:12 of 2nd period - Stopped by David LeNeveu without a rebound.
6:13 of 2nd period - Sam Gagner wins face-off versus Alexandre Bolduc in Gangsters zone.
6:34 of 2nd period - Ville Koistinen is hit by Shawn Matthias and loses puck.
8:10 of 2nd period - Staffan Kronwall is hit by Antoine Roussel and loses puck.
8:21 of 2nd period - Ryan Jones is hit by Curtis Glencross and loses puck.
8:39 of 2nd period - Alexei Emelin is hit by Andrew MacDonald and loses puck.
8:42 of 2nd period - Backhand shot by Staffan Kronwall.
8:42 of 2nd period - Stopped by Kevin Weekes with a rebound.
8:58 of 2nd period - Slapshot by Zach Boychuk.
8:58 of 2nd period - Shot Blocked by Bryan Young.
9:00 of 2nd period - Snap shot by Jakub Kindl.
9:00 of 2nd period - Shot Misses the Net.
9:02 of 2nd period - Slapshot by Marc-André Cliche.
9:02 of 2nd period - Shot Misses the Net.
9:16 of 2nd period - Wrist shot by Antoine Roussel.
9:16 of 2nd period - Shot Misses the Net.
9:29 of 2nd period - Minor Penalty to Steven Zalewski for Hooking.
9:29 of 2nd period - Minor Penalty to Colten Teubert for Hooking.
9:30 of 2nd period - Sam Gagner wins face-off versus Igor Radulov in neutral zone.
9:41 of 2nd period - Slapshot by Staffan Kronwall.
9:41 of 2nd period - Stopped by Kevin Weekes without a rebound.
9:42 of 2nd period - Igor Radulov wins face-off versus Sam Gagner in Blackdemons zone.
9:43 of 2nd period - Snap shot by Chris Bourque.
9:43 of 2nd period - Stopped by Kevin Weekes with a rebound.
9:53 of 2nd period - Slapshot by Igor Radulov.
9:53 of 2nd period - Shot Misses the Net.
10:31 of 2nd period - Slapshot by Antoine Roussel.
10:31 of 2nd period - Stopped by David LeNeveu without a rebound.
10:32 of 2nd period - Shawn Matthias wins face-off versus Alexandre Bolduc in Gangsters zone.
10:39 of 2nd period - Snap shot by Antoine Roussel.
10:39 of 2nd period - Deflect By Alexandre Bolduc.
10:39 of 2nd period - Goal by Antoine Roussel - Gangsters : 1 - Blackdemons : 5.
10:39 of 2nd period - Dustin Tokarski enters game.
10:40 of 2nd period - Sam Gagner wins face-off versus Igor Radulov in neutral zone.
10:44 of 2nd period - Minor Penalty to Chris Bourque for High sticking.
10:45 of 2nd period - Sam Gagner wins face-off versus Igor Radulov in Gangsters zone.
10:54 of 2nd period - Wrist shot by Enver Lisin.
10:54 of 2nd period - Stopped by Dustin Tokarski with a rebound.
10:56 of 2nd period - Wrist shot by Enver Lisin.
10:56 of 2nd period - Deflect By Sam Gagner.
10:56 of 2nd period - Shot Blocked by Alexei Emelin.
10:56 of 2nd period - Puck is out of play.
10:57 of 2nd period - Sam Gagner wins face-off versus Igor Radulov in Gangsters zone.
10:58 of 2nd period - Wrist shot by Enver Lisin.
10:58 of 2nd period - Goal by Enver Lisin - Gangsters : 1 - Blackdemons : 6.
10:59 of 2nd period - Sam Gagner wins face-off versus Igor Radulov in neutral zone.
11:10 of 2nd period - Slapshot by Alexei Emelin.
11:10 of 2nd period - Stopped by Kevin Weekes with a rebound.
11:12 of 2nd period - Backhand shot by Igor Radulov.
11:12 of 2nd period - Deflect By Brock Bradford.
11:12 of 2nd period - Shot Blocked by Matt Hunwick.
11:12 of 2nd period - Puck is out of play.
11:13 of 2nd period - Igor Radulov wins face-off versus Sam Gagner in Blackdemons zone.
11:14 of 2nd period - Slapshot by Staffan Kronwall.
11:14 of 2nd period - Shot Misses the Net.
11:29 of 2nd period - Penalty to Steven Zalewski is over, Steven Zalewski is back on ice.
11:36 of 2nd period - Slapshot by Peter Harrold.
11:36 of 2nd period - Shot Misses the Net.
11:38 of 2nd period - Slapshot by Matt Hunwick.
11:38 of 2nd period - Deflect By Enver Lisin.
11:38 of 2nd period - Stopped by Dustin Tokarski with a rebound.
11:40 of 2nd period - Slapshot by Matt Hunwick.
11:40 of 2nd period - Goal by Matt Hunwick - Gangsters : 1 - Blackdemons : 7.
11:41 of 2nd period - Alexandre Bolduc wins face-off versus Sam Gagner in neutral zone.
11:48 of 2nd period - Snap shot by Alexandre Bolduc.
11:48 of 2nd period - Stopped by Kevin Weekes with a rebound.
11:54 of 2nd period - Snap shot by Curtis Glencross.
11:54 of 2nd period - Shot Misses the Net.
11:55 of 2nd period - Minor Penalty to Curtis Glencross for Hooking.
11:56 of 2nd period - Alexandre Bolduc wins face-off versus Shawn Matthias in Blackdemons zone.
11:59 of 2nd period - Snap shot by Alexandre Bolduc.
11:59 of 2nd period - Shot Blocked by Tomas Kopecky.
12:01 of 2nd period - Slapshot by Alexei Emelin.
12:01 of 2nd period - Deflect By Shawn Matthias.
12:01 of 2nd period - Goal by Alexei Emelin - Gangsters : 2 - Blackdemons : 7.
12:02 of 2nd period - Sam Gagner wins face-off versus Alexandre Bolduc in neutral zone.
12:12 of 2nd period - Minor Penalty to Igor Radulov for Holding.
12:13 of 2nd period - Dave Dziurzynski wins face-off versus Sam Gagner in Gangsters zone.
12:48 of 2nd period - Slapshot by Enver Lisin.
12:48 of 2nd period - Shot Misses the Net.
13:08 of 2nd period - Slapshot by Enver Lisin.
13:08 of 2nd period - Stopped by Dustin Tokarski with a rebound.
13:10 of 2nd period - Backhand shot by Michael Kostka.
13:10 of 2nd period - Shot Misses the Net.
13:12 of 2nd period - Snap shot by Enver Lisin.
13:12 of 2nd period - Stopped by Dustin Tokarski without a rebound.
13:13 of 2nd period - Sam Gagner wins face-off versus Alexandre Bolduc in Gangsters zone.
14:12 of 2nd period - Penalty to Igor Radulov is over, Igor Radulov is back on ice.
14:19 of 2nd period - Slapshot by Tomas Kopecky.
14:19 of 2nd period - Stopped by Dustin Tokarski without a rebound.
14:20 of 2nd period - Brock Bradford wins face-off versus Zach Boychuk in Gangsters zone.
14:20 of 2nd period - Brock Bradford is hit by Zach Boychuk.
14:31 of 2nd period - Snap shot by Igor Radulov.
14:31 of 2nd period - Goal by Igor Radulov - Gangsters : 3 - Blackdemons : 7.
14:32 of 2nd period - Alexandre Bolduc wins face-off versus Marc-André Cliche in neutral zone.
14:47 of 2nd period - Slapshot by Marc-André Cliche.
14:47 of 2nd period - Shot Misses the Net.
15:01 of 2nd period - Off-side.
15:02 of 2nd period - Sam Gagner wins face-off versus Artem Anisimov in neutral zone.
15:50 of 2nd period - Minor Penalty to Matt Hunwick for Hooking.
15:51 of 2nd period - Curtis Glencross wins face-off versus Alexandre Bolduc in Blackdemons zone.
16:02 of 2nd period - Slapshot by Staffan Kronwall.
16:02 of 2nd period - Shot Blocked by Michael Kostka.
16:22 of 2nd period - Slapshot by Alexei Emelin.
16:22 of 2nd period - Goal by Alexei Emelin - Gangsters : 4 - Blackdemons : 7.
16:23 of 2nd period - Sam Gagner wins face-off versus Igor Radulov in neutral zone.
16:48 of 2nd period - Antoine Roussel is hit by Staffan Kronwall and loses puck.
16:53 of 2nd period - Wrist shot by Chris Bourque.
16:53 of 2nd period - Shot Misses the Net.
17:13 of 2nd period - Snap shot by Brock Bradford.
17:13 of 2nd period - Shot Misses the Net.
17:15 of 2nd period - Snap shot by Igor Radulov.
17:15 of 2nd period - Stopped by Kevin Weekes with a rebound.
17:29 of 2nd period - Snap shot by Steven Zalewski.
17:29 of 2nd period - Stopped by Dustin Tokarski with a rebound.
17:31 of 2nd period - Snap shot by Matt Hunwick.
17:31 of 2nd period - Shot Blocked by Bryan Young.
17:47 of 2nd period - Snap shot by Igor Radulov.
17:47 of 2nd period - Shot Misses the Net.
17:49 of 2nd period - Slapshot by Igor Radulov.
17:49 of 2nd period - Stopped by Kevin Weekes without a rebound.
17:50 of 2nd period - Alexandre Bolduc wins face-off versus Sam Gagner in Blackdemons zone.
17:51 of 2nd period - Wrist shot by Igor Radulov.
17:51 of 2nd period - Stopped by Kevin Weekes with a rebound.
18:41 of 2nd period - Slapshot by Jakub Kindl.
18:41 of 2nd period - Shot Misses the Net.
18:43 of 2nd period - Slapshot by Jakub Kindl.
18:43 of 2nd period - Stopped by Dustin Tokarski without a rebound.
18:44 of 2nd period - Steven Zalewski wins face-off versus Ryan Jones in Gangsters zone.
19:29 of 2nd period - Icing by Sam Gagner.
19:30 of 2nd period - Shawn Matthias wins face-off versus Ben Holmstrom in Blackdemons zone.
19:30 of 2nd period - Shawn Matthias is hit by Alexei Emelin.
3rd period
0:01 of 3rd period - Alexandre Bolduc wins face-off versus Sam Gagner in neutral zone.
0:09 of 3rd period - Slapshot by Andrew MacDonald.
0:09 of 3rd period - Stopped by Dustin Tokarski with a rebound.
0:13 of 3rd period - Snap shot by Enver Lisin.
0:13 of 3rd period - Stopped by Dustin Tokarski with a rebound.
0:15 of 3rd period - Snap shot by Jakub Kindl.
0:15 of 3rd period - Stopped by Dustin Tokarski without a rebound.
0:16 of 3rd period - Antoine Roussel wins face-off versus Artem Anisimov in Gangsters zone.
0:31 of 3rd period - Snap shot by Chris Bourque.
0:31 of 3rd period - Stopped by Kevin Weekes with a rebound.
1:20 of 3rd period - Off-side.
1:21 of 3rd period - Artem Anisimov wins face-off versus Steven Zalewski in neutral zone.
1:23 of 3rd period - Off-side.
1:24 of 3rd period - Artem Anisimov wins face-off versus Steven Zalewski in neutral zone.
1:35 of 3rd period - Wrist shot by Chris Bourque.
1:35 of 3rd period - Stopped by Kevin Weekes with a rebound.
1:37 of 3rd period - Slapshot by Shaun Heska.
1:37 of 3rd period - Stopped by Kevin Weekes without a rebound.
1:38 of 3rd period - Alexandre Bolduc wins face-off versus Sam Gagner in Blackdemons zone.
1:39 of 3rd period - Wrist shot by Igor Radulov.
1:39 of 3rd period - Goal by Igor Radulov - Gangsters : 5 - Blackdemons : 7.
1:40 of 3rd period - Alexandre Bolduc wins face-off versus Sam Gagner in neutral zone.
1:44 of 3rd period - Alexei Emelin is hit by Michael Kostka and loses puck.
1:55 of 3rd period - Slapshot by Michael Kostka.
1:55 of 3rd period - Stopped by Dustin Tokarski without a rebound.
1:56 of 3rd period - Shawn Matthias wins face-off versus Artem Anisimov in Gangsters zone.
2:03 of 3rd period - Backhand shot by Antoine Roussel.
2:03 of 3rd period - Stopped by Dustin Tokarski with a rebound.
2:05 of 3rd period - Slapshot by Shawn Matthias.
2:05 of 3rd period - Stopped by Dustin Tokarski with a rebound.
2:27 of 3rd period - Icing by Curtis Glencross.
2:28 of 3rd period - Alexandre Bolduc wins face-off versus Sam Gagner in Blackdemons zone.
2:55 of 3rd period - Snap shot by Curtis Glencross.
2:55 of 3rd period - Shot Misses the Net.
3:13 of 3rd period - Alexei Emelin is hit by Antoine Roussel.
3:17 of 3rd period - Snap shot by Brock Bradford.
3:17 of 3rd period - Stopped by Kevin Weekes with a rebound.
3:19 of 3rd period - Slapshot by Staffan Kronwall.
3:19 of 3rd period - Shot Misses the Net.
4:19 of 3rd period - Minor Penalty to Ryan Jones for Hooking.
4:20 of 3rd period - Sam Gagner wins face-off versus Igor Radulov in Gangsters zone.
4:29 of 3rd period - Wrist shot by Tomas Kopecky.
4:29 of 3rd period - Stopped by Dustin Tokarski without a rebound.
4:30 of 3rd period - Sam Gagner wins face-off versus Igor Radulov in Gangsters zone.
4:41 of 3rd period - Snap shot by Antoine Roussel.
4:41 of 3rd period - Shot Misses the Net.
4:43 of 3rd period - Snap shot by Tomas Kopecky.
4:43 of 3rd period - Shot Hit the Post.
4:45 of 3rd period - Snap shot by Antoine Roussel.
4:45 of 3rd period - Shot Blocked by Staffan Kronwall.
4:47 of 3rd period - Snap shot by Michael Kostka.
4:47 of 3rd period - Deflect By Tomas Kopecky.
4:47 of 3rd period - Shot Blocked by Chris Bourque.
4:47 of 3rd period - Puck is out of play.
4:48 of 3rd period - Shawn Matthias wins face-off versus Igor Radulov in Gangsters zone.
6:19 of 3rd period - Penalty to Ryan Jones is over, Ryan Jones is back on ice.
6:20 of 3rd period - Ryan Jones is hit by Curtis Glencross and loses puck.
6:27 of 3rd period - Snap shot by Ville Koistinen.
6:27 of 3rd period - Stopped by Kevin Weekes without a rebound.
6:28 of 3rd period - Brock Bradford wins face-off versus Marc-André Cliche in Blackdemons zone.
6:35 of 3rd period - Wrist shot by Igor Radulov.
6:35 of 3rd period - Shot Misses the Net.
6:39 of 3rd period - Snap shot by Igor Radulov.
6:39 of 3rd period - Stopped by Kevin Weekes without a rebound.
6:40 of 3rd period - Marc-André Cliche wins face-off versus Artem Anisimov in Blackdemons zone.
6:40 of 3rd period - Marc-André Cliche is hit by Mikko Lehtonen.
6:46 of 3rd period - Mikko Lehtonen is hit by Marc-André Cliche and loses puck.
6:58 of 3rd period - Minor Penalty to Zach Boychuk for Hooking.
6:59 of 3rd period - Alexandre Bolduc wins face-off versus Curtis Glencross in Blackdemons zone.
7:24 of 3rd period - Tomas Kopecky is hit by Staffan Kronwall and loses puck.
7:29 of 3rd period - Wrist shot by Chris Bourque.
7:29 of 3rd period - Stopped by Kevin Weekes with a rebound.
7:31 of 3rd period - Backhand shot by Shaun Heska.
7:31 of 3rd period - Stopped by Kevin Weekes without a rebound.
7:32 of 3rd period - Curtis Glencross wins face-off versus Alexandre Bolduc in Blackdemons zone.
7:58 of 3rd period - Shawn Belle is hit by Mikko Lehtonen and loses puck.
8:25 of 3rd period - Slapshot by Michael Kostka.
8:25 of 3rd period - Stopped by Dustin Tokarski without a rebound.
8:26 of 3rd period - Shawn Matthias wins face-off versus Alexandre Bolduc in Gangsters zone.
8:58 of 3rd period - Penalty to Zach Boychuk is over, Zach Boychuk is back on ice.
9:51 of 3rd period - Slapshot by Tomas Kopecky.
9:51 of 3rd period - Shot Blocked by Shaun Heska.
10:25 of 3rd period - Snap shot by Artem Anisimov.
10:25 of 3rd period - Stopped by Kevin Weekes with a rebound.
10:27 of 3rd period - Slapshot by Ville Koistinen.
10:27 of 3rd period - Stopped by Kevin Weekes without a rebound.
10:28 of 3rd period - Artem Anisimov wins face-off versus Sam Gagner in Blackdemons zone.
11:13 of 3rd period - Snap shot by Zach Boychuk.
11:13 of 3rd period - Stopped by Dustin Tokarski with a rebound.
11:15 of 3rd period - Wrist shot by Matt Calvert.
11:15 of 3rd period - Shot Misses the Net.
11:17 of 3rd period - Slapshot by Zach Boychuk.
11:17 of 3rd period - Stopped by Dustin Tokarski with a rebound.
11:19 of 3rd period - Snap shot by Michael Kostka.
11:19 of 3rd period - Deflect By Matt Calvert.
11:19 of 3rd period - Deflect By Dave Dziurzynski.
11:19 of 3rd period - Shot Misses the Net.
11:19 of 3rd period - Puck is out of play.
11:20 of 3rd period - Sam Gagner wins face-off versus Artem Anisimov in Gangsters zone.
11:29 of 3rd period - Artem Anisimov is hit by Enver Lisin and loses puck.
12:41 of 3rd period - Icing by Shaun Heska.
12:42 of 3rd period - Alexandre Bolduc wins face-off versus Steven Zalewski in Gangsters zone.
12:42 of 3rd period - Alexandre Bolduc is hit by Mike Duco.
13:08 of 3rd period - Snap shot by Chris Bourque.
13:08 of 3rd period - Shot Blocked by Antoine Roussel.
13:13 of 3rd period - Off-side.
13:14 of 3rd period - Artem Anisimov wins face-off versus Sam Gagner in neutral zone.
13:17 of 3rd period - Slapshot by Alexei Emelin.
13:17 of 3rd period - Stopped by Kevin Weekes without a rebound.
13:18 of 3rd period - Sam Gagner wins face-off versus Igor Radulov in Blackdemons zone.
15:18 of 3rd period - Snap shot by Igor Radulov.
15:18 of 3rd period - Shot Misses the Net.
15:20 of 3rd period - Slapshot by Shaun Heska.
15:20 of 3rd period - Stopped by Kevin Weekes with a rebound.
15:45 of 3rd period - Wrist shot by Brock Bradford.
15:45 of 3rd period - Shot Misses the Net.
15:47 of 3rd period - Slapshot by Staffan Kronwall.
15:47 of 3rd period - Stopped by Kevin Weekes with a rebound.
16:06 of 3rd period - Slapshot by Enver Lisin.
16:06 of 3rd period - Stopped by Dustin Tokarski with a rebound.
16:28 of 3rd period - Mikko Lehtonen is hit by Zach Boychuk.
17:01 of 3rd period - Icing by Dave Dziurzynski.
17:02 of 3rd period - Artem Anisimov wins face-off versus Steven Zalewski in Gangsters zone.
17:17 of 3rd period - Ryan Jones is hit by Marc-André Cliche and loses puck.
17:42 of 3rd period - Peter Harrold is hit by Chris Bourque and loses puck.
19:22 of 3rd period - Brock Bradford is hit by Enver Lisin.
19:56 of 3rd period - Minor Penalty to Marc-André Cliche for Holding.
19:57 of 3rd period - Curtis Glencross wins face-off versus Artem Anisimov in Blackdemons zone.
19:57 of 3rd period - Curtis Glencross is hit by Chris Bourque.
Output by the SimonT Hockey Simulator (STHS) for François Prévost -- Original Page W3C XHTML 1.0 Valid